 Dungeon Crawl Stone Soup version 0.20.0-10-g0535bb4 (webtiles) character file.

539 CountDeLaPain the Chucker (level 7, -9/66 HPs)
             Began as a Troll Hunter on June 5, 2017.
             Killed by nerve-wracking pain
             ... invoked by an orc priest
              (12 damage)
             ... on level 4 of the Dungeon.
             The game lasted 00:07:56 (2622 turns).

CountDeLaPain the Chucker (Troll Hunter)            Turns: 2622, Time: 00:07:57

Health: -9/66      AC:  5    Str: 22    XL:     7   Next: 5%
Magic:  6/6        EV: 10    Int:  8    God:
Gold:   153        SH:  0    Dex: 10    Spells: 6/6 levels left

rFire    . . .     SeeInvis .     - Unarmed
rCold    . . .     Gourm    +   (no shield)
rNeg     . . .     Faith    .   b - +0 robe
rPois    .         Spirit   .   (helmet restricted)
rElec    .         Reflect  .   (no cloak)
rCorr    .         Harm     .   (gloves unavailable)
MR       .....                  (boots unavailable)
Stlth    +.........             (no amulet)
Regen    0.7/turn               (no ring)
MPRegen  0.1/turn               (no ring)

@: no status effects
A: unfitting armour, claws 3, fast metabolism 3, gourmand, regeneration 1,
shaggy fur 1, tough skin 2
a: no special abilities


You were on level 4 of the Dungeon.
You were completely stuffed.

You visited 1 branch of the dungeon, and saw 4 of its levels.

You collected 153 gold pieces.

Inventory:

Hand Weapons
 a - a +0 short sword
Missiles
 c - a large rock (quivered)
 d - 2 throwing nets
Armour
 b - a +0 robe (worn)
Scrolls
 h - a scroll of amnesia {unknown}
 j - 3 scrolls of remove curse {unknown}
 l - 2 scrolls of teleportation
 m - a scroll of recharging {unknown}
 r - a scroll of noise {unknown}
 s - a scroll of immolation {unknown}
 u - 2 scrolls of fog {unknown}
 v - a scroll of identify {unknown}
 w - 3 scrolls of random uselessness {unknown}
Potions
 e - 3 potions of lignification {unknown}
 g - a potion of haste {unknown}
 i - a potion of invisibility {unknown}
 n - a potion of curing {unknown}
 o - 4 potions of degeneration {unknown}
 q - a potion of flight {unknown}
 x - a potion of resistance {unknown}
Comestibles
 f - 6 bread rations
 k - 2 meat rations
 p - 7 chunks of flesh
 t - a royal jelly


   Skills:
 + Level 2.4 Fighting
 + Level 5.0 Throwing
 + Level 3.2 Dodging
 - Level 0.3 Stealth
 + Level 4.6 Unarmed Combat


You had 6 spell levels left.
You didn't know any spells.

Dungeon Overview and Level Annotations

Branches:
Dungeon (4/15)
 Temple: D:4-7

Altars:
Dithmenos
Elyvilon


Innate Abilities, Weirdness & Mutations

You are too large for most types of armour.
You have claws for hands.
Your metabolism is lightning-fast.
You like to eat raw meat.
Your natural rate of healing is unusually fast.
You are covered in fur. (AC +1)
You have very tough skin. (AC +2)


Message History

Beogh smites you!
An orc priest comes into view. It is wielding a short sword.
As you read the scroll of teleportation, it crumbles to dust.
You feel strangely unstable.
The orc priest hits you with a falchion.
The orc priest hits you with a hand axe!
* * * LOW HITPOINT WARNING * * *
You mangle the orc!!
You kill the orc!
The orc priest hits you with a short sword.
* * * LOW HITPOINT WARNING * * *
The orc priest hits you with a falchion.
* * * LOW HITPOINT WARNING * * *
The orc priest mumbles some strange prayers to Beogh against you.
Beogh smites you!
* * * LOW HITPOINT WARNING * * *
Your surroundings seem slightly different.
The orc priest invokes the aid of Beogh against you.
Pain shoots through your body!
You die...

#...........8.....8...#
#####..##..##.............
#..##..######..##...##...#
#...[...#............#...#
#.......#............+....
#.......'...........##...#
#.......#...........###+##
#..##.####'######
#########@.######
#........... #..)........
#§ooo(...... ##.?##.####.
#### (# .. ... ..


You could see 3 orc priests.

Vanquished Creatures
  The ghost of apoch the Chopper, an amateur HOFi of Okawaru (D:3)
  An ogre (D:4)
  2 orc priests (D:4)
  3 orc wizards
  Robin (D:2)
  7 adders
  2 worms
  2 dart slugs
  4 leopard geckos
  12 orcs
  3 ball pythons
  A giant cockroach (D:2)
  9 goblins
  9 hobgoblins
  4 jackals (D:1)
  10 kobolds
  7 bats
  3 frilled lizards
  7 rats
88 creatures vanquished.

Notes
Turn   | Place    | Note
-------+----------+-------------------------------------------
     0 | D:1      | CountDeLaPain the Troll Hunter began the quest for the Orb.
     0 | D:1      | Reached XP level 1. HP: 19/19 MP: 0/0
   137 | D:1      | Reached XP level 2. HP: 27/27 MP: 1/1
   159 | D:1      | Reached skill level 4 in Throwing
   478 | D:1      | Reached XP level 3. HP: 33/33 MP: 2/2
   644 | D:2      | Found a white marble altar of Elyvilon.
  1006 | D:2      | Found a shadowy altar of Dithmenos.
  1020 | D:2      | Reached skill level 1 in Unarmed Combat
  1193 | D:2      | Noticed Robin
  1201 | D:2      | Reached XP level 4. HP: 36/42 MP: 3/3
  1216 | D:2      | Killed Robin
  1478 | D:3      | Noticed apoch's ghost (amateur HOFi)
  1481 | D:3      | Killed apoch's ghost
  1481 | D:3      | Reached XP level 5. HP: 49/49 MP: 4/4
  1727 | D:3      | Reached XP level 6. HP: 57/57 MP: 5/5
  2508 | D:4      | Reached skill level 5 in Throwing
  2565 | D:4      | Reached XP level 7. HP: 66/66 MP: 6/6
  2621 | D:4      | HP: 2/66 [orc priest/divine providence (10)]
  2622 | D:4      | Killed from afar by an orc priest

Skill      XL: |  1  2  3  4  5  6 |
---------------+-------------------+-----
Throwing       | 4 5 |  5.0
Unarmed Combat | 1 3 4 |  4.6
Dodging        | 2 3 |  3.2
Fighting       | 2 |  2.4
Stealth        | |  0.3

Action                   |  1- 3 |  4- 6 |  7- 9 || total
-------------------------+-------+-------+-------++-------
Melee: Unarmed           |   147 |    99 |     4 ||   250
       Punch             |       |     1 |       ||     1
Throw: Large rock        |     5 |    18 |     2 ||    25
  Use: Scroll            |       |     1 |     1 ||     2
 Stab: Sleeping          |       |     1 |       ||     1
  Eat: Chunk             |    17 |    12 |     1 ||    30
Armor: Robe              |    69 |    33 |     1 ||   103
Dodge: Dodged            |    95 |    42 |     4 ||   141
